 Dungeon Crawl Stone Soup version 0.31-a0-986-g5e6e4ef867 (webtiles) character file.

Game seed: 13208116506196834250

10807 DocEon the Severer (level 11, 0/145 HPs)
             Began as a Minotaur Berserker on Nov 21, 2023.
             Was an Elder of Trog.
             Slain by a two-headed ogre
             ... wielding a +0 giant club
              (13 damage)
             ... on level 10 of the Dungeon.
             The game lasted 00:06:32 (8780 turns).

DocEon the Severer (Minotaur Berserker)             Turns: 8780, Time: 00:06:33

Health: 0/145      AC: 20    Str: 24    XL:     11   Next: 41%
Magic:  10/10      EV: 10    Int:  4    God:    Trog [****..]
Gold:   629        SH:  0    Dex: 12    Spells: 10/10 levels left

rFire   . . .        a - +1 war axe
rCold   . . .        (no shield)
rNeg    . . .        o - +0 plate armour
rPois   .            (helmet restricted)
rElec   .            (no cloak)
rCorr   .            (no gloves)
SInv    .            p - +1 pair of boots
Will    ++...        (no amulet) Stlth
                     t - +4 ring of protection
HPRegen 1.44/turn    (no ring)
MPRegen 0.12/turn

%: no passive effects
@: berserking (expiring), strong-willed, regenerating, very quick
A: horns 2, retaliatory headbutt
a: Renounce Religion, Berserk, Trog's Hand, Brothers in Arms


You were on level 10 of the Dungeon.
You worshipped Trog.
Trog was greatly pleased with you.
You visited 1 branch of the dungeon, and saw 10 of its levels.

You collected 629 gold pieces.

Inventory:

Hand Weapons
 a - a +1 war axe (weapon)
 b - a +3 flail
Missiles
 r - 4 curare-tipped darts
Armour
 j - a +0 scale mail
 o - a +0 plate armour (worn)
 p - a +1 pair of boots (worn)
Jewellery
 m - an amulet of regeneration
 t - a +4 ring of protection (left hand)
Wands
 d - a wand of flame (39)
 k - a wand of paralysis (6)
 w - a wand of polymorph (14)
 B - a wand of iceblast (3)
Scrolls
 i - 2 scrolls of vulnerability
 y - 2 scrolls of teleportation
 A - a scroll of fear
 C - a scroll of enchant weapon
Potions
 c - 6 potions of curing
 e - a potion of ambrosia {unknown}
 f - 3 potions of enlightenment
 g - 2 potions of lignification {unknown}
 h - a potion of degeneration
 l - 2 potions of might
 n - a potion of heal wounds {unknown}
 q - a potion of haste {unknown}
 s - 4 potions of mutation {unknown}
 u - 2 potions of resistance
 v - a potion of cancellation {unknown}
 x - 2 potions of brilliance {unknown}
 z - a potion of berserk rage {unknown}


   Skills:
 + Level 9.5 Fighting
 + Level 15.6 Axes
 + Level 9.2 Armour
 + Level 8.3 Dodging


You had 10 spell levels left.
You didn't know any spells.
Your spell library was empty.

Dungeon Overview and Level Annotations

Branches:
Dungeon (10/15)            Temple (0/1) D:5            Lair (0/5) D:10
    Orc: D:9-12

Altars:
Fedhas
Hepliaklqana
Nemelex Xobeh
Xom
Yredelemnul

Shops:
D:3 (   D:8 :

Annotations:
D:4 1 transporter


Innate Abilities, Weirdness & Mutations

You have a pair of horns on your head.
You reflexively headbutt those who attack you in melee.


Message History

You furiously retaliate!
You headbutt the death yak!
You kill the death yak!
Trog accepts your kill.
You hear a bellow! x2
Your Armour skill increases to level 9!
You slash the death yak! Your headbutt misses the death yak.
The death yak is almost dead.
You barely miss the quokka.
You hear a bellow!
The quokka bites you but does no damage.
You slash the death yak!
You kill the death yak!
Trog accepts your kill.
You barely miss the quokka. You slash the quokka!
You kill the quokka!
Trog accepts your kill. The quokka misses you.
The two-headed ogre hits you but does no damage.
The two-headed ogre hits you with a +0 giant spiked club.
* * * LOW HITPOINT WARNING * * *
You slice the two-headed ogre!!
The two-headed ogre is heavily wounded.
You slash the kobold demonologist! You hit the quokka.
You kill the quokka!
Trog accepts your kill.
You hit the kobold demonologist. You headbutt the kobold demonologist!
The kobold demonologist is severely wounded.
You hit the two-headed ogre.
The kobold demonologist gestures wildly while chanting.
The river rat twitches its whiskers.
You hear a bellow!
You barely miss the kobold demonologist.
Your headbutt misses the kobold demonologist.
The kobold demonologist is severely wounded.
You hit the two-headed ogre. You hit the ufetubus.
You hear a bellow!
The two-headed ogre hits you with a +0 giant club!
* * * LOW HITPOINT WARNING * * *
The two-headed ogre hits you with a +0 giant spiked club!
You die...

.... ..>.# #. ...... #.
.....$ ## #. ....c.# .Y
##.##+ ....rrr .# ......
#.rKK## .##########..#
#####O@##..............
.......5..# ##....
......./..## #..###
...).......## ##.####
............# #..# #.
..........#.# ##.## #.
..........#.### #..# #.
...)......#...###.#####.
########.....=.........


You could see a two-headed ogre, a kobold demonologist, a centaur, 2 river rats,
an ufetubus (summoned), a quokka, a kobold and a rat.

Vanquished Creatures
  2 two-headed ogres
  2 death yaks (D:10)
  Joseph (D:9)
  Jeremiah (D:7)
  Maggie (D:9)
  Prince Ribbit (D:9)
  Grinder (D:4)
  A hornet (D:9)
  2 ynoxinuls (D:10)
  A wyvern (D:7)
  20 yaks
  A steam dragon (D:8)
  A vampire (D:9)
  Menkaure (D:7)
  A water moccasin (D:8)
  A sky beast (D:6)
  3 orc warriors (D:7)
  2 black bears
  An ogre (D:4)
  5 centaurs
  2 phantoms
  3 kobold brigands
  2 bullfrogs (D:6)
  2 gnoll sergeants
  3 scorpions
  5 wights (D:7)
  A howler monkey (D:5)
  An electric eel (D:10)
  A bullfrog zombie (D:5)
  A centaur zombie (D:5)
  2 hounds (D:7)
  7 orc priests
  Crazy Yiuf (D:3)
  3 jellies
  A sleepcap (D:3)
  Jessica (D:2)
  4 iguanas
  Ijyb (D:3)
  Terence (D:3)
  7 orc wizards
  13 gnolls
  4 adders
  4 shadow imps
  3 white imps
  10 ufetubi
  4 worms
  26 orcs
  3 bats
  6 endoplasms
  4 giant cockroaches
  5 goblins
  6 hobgoblins
  8 jackals (D:3)
  16 kobolds
  4 quokkas
  3 ball pythons
  6 rats
223 creatures vanquished.

Vanquished Creatures (others)
  An orc (D:7)
1 creature vanquished.

Grand Total: 224 creatures vanquished

Notes
Turn   | Place    | Note
-------+----------+-------------------------------------------
     0 | D:1      | DocEon the Minotaur Berserker began the quest for the Orb.
     0 | D:1      | Reached XP level 1. HP: 19/19 MP: 0/0
   113 | D:1      | Reached skill level 4 in Axes
   152 | D:1      | Reached XP level 2. HP: 23/26 MP: 1/1
   652 | D:2      | Identified the +1 dagger of Makhleb's Hope {freeze, *Slow
                  | +Blink Will+ Int+4}
   695 | D:2      | Noticed Jessica
   702 | D:2      | Killed Jessica
   703 | D:2      | Reached skill level 5 in Axes
   703 | D:2      | Reached XP level 3. HP: 22/31 MP: 2/2
  1062 | D:3      | Noticed Terence
  1065 | D:3      | Reached skill level 6 in Axes
  1065 | D:3      | Reached XP level 4. HP: 37/39 MP: 3/3
  1071 | D:3      | Killed Terence
  1071 | D:3      | Reached ** piety under Trog
  1201 | D:3      | Found Siulagg's Antique Weapon Emporium.
  1293 | D:3      | Found a runed translucent door.
  1294 | D:3      | Noticed Crazy Yiuf
  1430 | D:3      | Noticed Ijyb
  1431 | D:3      | Paralysed by Ijyb for 2 turns
  1438 | D:3      | Paralysed by Ijyb for 2 turns
  1445 | D:3      | Killed Ijyb
  1446 | D:3      | Reached skill level 7 in Axes
  1446 | D:3      | Reached XP level 5. HP: 45/45 MP: 4/4
  1638 | D:3      | Noticed an ice beast
  1804 | D:3      | Killed Crazy Yiuf
  1973 | D:4      | Reached skill level 8 in Axes
  2116 | D:4      | Found a sparkling altar of Nemelex Xobeh.
  2116 | D:4      | Found a transporter.
  2116 | D:4      | Noticed a water moccasin
  2121 | D:4      | Noticed a water moccasin
  2145 | D:4      | Reached XP level 6. HP: 40/51 MP: 5/5
  2229 | D:4      | HP: 1/76 [ogre/+0 giant spiked club (25)]
  2591 | D:4      | Reached skill level 9 in Axes
  2625 | D:4      | Noticed Grinder
  2636 | D:4      | Killed Grinder
  2637 | D:4      | Reached skill level 10 in Axes
  2637 | D:4      | Reached XP level 7. HP: 54/57 MP: 6/6
  3139 | D:5      | Entered Level 5 of the Dungeon
  3260 | D:5      | Noticed a yak
  3261 | D:5      | Noticed a yak
  3261 | D:5      | Noticed a yak
  3261 | D:5      | Noticed a yak
  3267 | D:5      | Killed a yak
  3269 | D:5      | Killed a yak
  3270 | D:5      | Reached skill level 11 in Axes
  3275 | D:5      | Killed a yak
  3276 | D:5      | Reached XP level 8. HP: 62/64 MP: 7/7
  3281 | D:5      | Reached skill level 12 in Axes
  3483 | D:5      | Found a basalt altar of Yredelemnul.
  4236 | D:5      | Found a staircase to the Ecumenical Temple.
  4614 | D:6      | Reached skill level 13 in Axes
  4997 | D:6      | Reached *** piety under Trog
  5002 | D:6      | Reached skill level 14 in Axes
  5257 | D:7      | Reached XP level 9. HP: 71/71 MP: 8/8
  5330 | D:7      | Noticed Menkaure
  5340 | D:7      | Killed Menkaure
  5341 | D:7      | Noticed Jeremiah
  5512 | D:7      | Killed Jeremiah
  5513 | D:7      | Reached skill level 5 in Fighting
  5632 | D:7      | Found a transporter.
  5836 | D:7      | Reached skill level 5 in Armour
  5970 | D:7      | Reached skill level 5 in Dodging
  6052 | D:7      | Found a hazy altar of Hepliaklqana.
  6170 | D:7      | Found a transporter.
  6564 | D:8      | Noticed a two-headed ogre
  6571 | D:8      | Killed a two-headed ogre
  6572 | D:8      | Reached XP level 10. HP: 77/86 MP: 9/9
  6854 | D:8      | Found Tuebevvu's Book Boutique.
  7043 | D:9      | Found a shimmering altar of Xom.
  7045 | D:9      | Paralysed by a hornet for 3 turns
  7462 | D:9      | Found a blossoming altar of Fedhas.
  7615 | D:9      | Reached **** piety under Trog
  7837 | D:9      | Noticed Maggie
  7843 | D:9      | Reached skill level 15 in Axes
  7855 | D:9      | Killed Maggie
  7885 | D:9      | Reached XP level 11. HP: 51/95 MP: 10/10
  8109 | D:9      | Noticed Joseph
  8125 | D:9      | Killed Joseph
  8224 | D:9      | Noticed Prince Ribbit
  8230 | D:9      | Killed Prince Ribbit
  8339 | D:10     | Entered Level 10 of the Dungeon
  8756 | D:10     | Noticed a death yak
  8757 | D:10     | Noticed a two-headed ogre
  8757 | D:10     | Noticed a death yak
  8759 | D:10     | Found a staircase to the Lair.
  8759 | D:10     | Noticed a two-headed ogre
  8772 | D:10     | Killed a two-headed ogre
  8774 | D:10     | Killed a death yak
  8776 | D:10     | Killed a death yak
  8780 | D:10     | Slain by a two-headed ogre

Illustrated notes

Levels and vault maps discovered:
D:1:      mushboom_english_gardens, layout_basic, minmay_parallelograms,
          dreamdust_wishing_well
D:2:      layout_rooms, uniq_jessica
D:3:      layout_basic, serial_shops, nicolae_shop_stone,
          lightli_corner_chamber, uniq_terence, uniq_crazy_yiuf_cottage,
          uniq_ijyb
D:4:      layout_basic, grunt_nemelex_the_gamble,
          hangedman_decor_diamond_cutter, uniq_grinder
D:5:      layout_loops_corners, lemuel_zombie_altar_yredelemnul,
          lemuel_temple_firewalk_b
D:6:      layout_cave_pools
D:7:      gammafunk_beogh_shrine, layout_rooms, nzn_hepliaklqana_mist_gate,
          corexii_leaking_fountain, uniq_menkaure, uniq_jeremiah
D:8:      layout_rooms, serial_shops, nicolae_shop_gibbet_a_chance
D:9:      layout_basic, mainiacjoe_overflow_large_starburst,
          uniq_prince_ribbit1, uniq_maggie, uniq_joseph
D:10:     layout_basic, dpeg_lair_monsters, minivault_25, nicolae_fort_ynox

Skill      XL: |  1  2  3  4  5  6  7  8  9 10 11 |
---------------+----------------------------------+-----
Axes           | 4 5 6 7 8 10 11 14 15 | 15.6
Fighting       | 4 7 8 9 |  9.5
Armour         | 6 8 9 |  9.2
Dodging        | 5 7 8 |  8.3

Action                     |  1- 3 |  4- 6 |  7- 9 | 10-12 || total
---------------------------+-------+-------+-------+-------++-------
  Melee: Hand axe          |    42 |   114 |   207 |       ||   363
         Headbutt          |     8 |    20 |    55 |    25 ||   108
         Punch             |       |     4 |     3 |     4 ||    11
         War axe           |       |       |    57 |   162 ||   219
 Invoke: Berserk           |     1 |     6 |     7 |     5 ||    19
         Trog's Hand       |       |       |     2 |     2 ||     4
    Use: Scroll            |     3 |     6 |     6 |     2 ||    17
 Armour: Animal skin       |    10 |       |       |       ||    10
         Ring mail         |    11 |    17 |       |       ||    28
         Scale mail        |       |    54 |    34 |       ||    88
         Plate armour      |       |       |   166 |   212 ||   378
  Dodge: Dodged            |    27 |    37 |    76 |   101 ||   241

Table legend: (Time is in decaauts)
 A = Elapsed time spent in this place.
 B = Non-inter-level travel time spent in this place.
 C = Inter-level travel time spent in this place.
 D = Time resting spent in this place.
 E = Time spent auto-exploring this place.
 F = Levels seen in this place.
 G = Mean time per level.
                   A        B        C        D        E       F      G
               +--------+--------+--------+--------+--------+-----+--------+
         Total |   8832 |   8110 |    722 |   1274 |   5555 |  10 |  883.2 |
       Dungeon |   8832 |   8110 |    722 |   1274 |   5555 |  10 |  883.2 |
               +--------+--------+--------+--------+--------+-----+--------+

Top non-repeatable levels by time:
     D:5: 1413 daAuts
     D:9: 1313 daAuts
     D:4: 1237 daAuts
     D:7: 1078 daAuts
     D:3: 934 daAuts
     D:6: 801 daAuts
     D:1: 601 daAuts
     D:8: 563 daAuts
     D:2: 457 daAuts
    D:10: 431 daAuts
